 Dungeon Crawl Stone Soup version 0.19.0-24-gb05acd6 (webtiles) character file.

12776 Gargoyl the Envoy of Void (level 11, -5/84 HPs)
             Began as a Demonspawn Abyssal Knight on Nov 22, 2016.
             Was a High Priest of Lugonu.
             Slain by Snorg (13 damage)
             ... on level 11 of the Dungeon.
             The game lasted 00:28:28 (13235 turns).

Gargoyl the Envoy of Void (DsAK)                   Turns: 13235, Time: 00:28:28

Health: -5/84      AC: 16    Str: 19 (20) XL:     11   Next: 66%
Magic:  14/18      EV: 13    Int: 14 (17) God:    Lugonu [*****.]
Gold:   167        SH:  8    Dex: 13 (16) Spells: 0 memorised, 10 levels left

rFire  . . .     SeeInvis +     O - +4 war axe
rCold  + + .     Gourm    .     e - +0 plate armour
rNeg   . . .     Faith    .     d - +3 buckler {AC+3}
rPois  +         Spirit   .     (helmet restricted)
rElec  .         Reflect  .     k - +2 cloak
rCorr  .         Harm     .     I - +0 pair of gloves (curse)
MR     +....                    (no boots)
Stlth  ..........               (no amulet)
                                u - ring "Vievamul" {rPois Str+4 Int+3 Dex+4 SInv}
                                l - +3 ring of evasion

@: no status effects
A: horns 2, repulsion field 2, blink, cold resistance 2, deformed body, magic
resistance 1, powered by pain 2, wild magic 1, rot immunity
a: Blink, Depart the Abyss, Bend Space, Banish, Corrupt, Enter the Abyss,
Renounce Religion


You were on level 11 of the Dungeon.
You worshipped Lugonu.
Lugonu was extremely pleased with you.
You were hungry.

You visited 1 branch of the dungeon, and saw 11 of its levels.
You visited the Abyss 1 time.
You also visited: Ossuary.

You collected 646 gold pieces.
You spent 479 gold pieces at shops.

Inventory:

Hand Weapons
 J - a +1 war axe
 O - a +4 war axe (weapon)
Missiles
 x - a javelin (quivered)
 B - 2 tomahawks of returning
Armour
 d - a +3 buckler of protection (worn)
 e - a +0 plate armour (worn)
 k - a +2 cloak (worn)
 I - a cursed +0 pair of gloves (worn)
Jewellery
 l - a +3 ring of evasion (left hand)
 u - the ring "Vievamul" (right hand) {rPois Str+4 Int+3 Dex+4 SInv}
   (You bought it in a shop on level 5 of the Dungeon)

   [ring of intelligence]

   It affects your strength (+4).
   It affects your intelligence (+3).
   It affects your dexterity (+4).
   It protects you from poison.
   It lets you see invisible.
 y - an uncursed ring of resist corrosion
Wands
 F - a wand of acid (10/15)
 H - a wand of iceblast (7/15)
 K - a wand of polymorph (7/24)
Scrolls
 f - a scroll of identify
 g - 2 scrolls of magic mapping
 i - 8 scrolls of remove curse
 n - 3 scrolls of blinking
 G - a scroll of fear
 L - 2 scrolls of teleportation
Potions
 h - 3 potions of curing
 j - 7 potions of lignification
 m - a potion of ambrosia
 o - a potion of cancellation
 q - 2 potions of flight
 s - a potion of berserk rage
 z - a potion of agility
Comestibles
 a - 3 fruits
 c - 7 bread rations
 r - 7 slices of pizza
 t - 3 meat rations
 A - 2 royal jellies
 D - 3 beef jerkies


   Skills:
 + Level 7.0 Fighting
 + Level 10.2 Axes
 + Level 0.8 Throwing
 * Level 8.8 Armour
 + Level 2.2 Dodging
 + Level 5.6 Shields
 * Level 10.6 Invocations


You had 10 spell levels left.
You didn't know any spells.

Dungeon Overview and Level Annotations

Branches:
Dungeon (11/15)            Temple (0/1) D:7            Lair (0/6) D:10
    Orc: D:9-12

Altars:
Ashenzari
Dithmenos
Fedhas
Kikubaaqudgha
Makhleb
Nemelex Xobeh
Okawaru
Ru
Sif Muna
Uskayaw
Zin
The Shining One

Shops:
D:5 =   D:10 }

Annotations:
D:11 Snorg
Abyss:1 Maurice


Innate Abilities, Weirdness & Mutations

You have a pair of horns on your head.
You are surrounded by a moderate repulsion field. (EV +3)
You sometimes gain power by taking damage.
You are immune to rotting.
You can translocate small distances at will.
Your flesh is very cold resistant. (rC++)
Armour fits poorly on your strangely shaped body.
You are resistant to hostile enchantments. (MR+)
Your spells are a little harder to cast, but a little more powerful.


Message History

Snorg bites you!
* * * LOW HITPOINT WARNING * * *
Snorg misses you. You block Snorg's attack.
You feel much better. You block Snorg's attack. Snorg claws you!
You focus on the pain.
You feel your power returning. You block Snorg's attack. Snorg bites you!
* * * LOW HITPOINT WARNING * * *
Snorg barely misses you. x2
You feel much better. Snorg bites you!!
* * * LOW HITPOINT WARNING * * *
Snorg claws you.
* * * LOW HITPOINT WARNING * * *
Snorg claws you!
* * * LOW HITPOINT WARNING * * *
Press: ? - help, Shift-Dir - straight line, f/p - Snorg
Aim: Snorg (berserk, fast, unusually strong, chance to defeat MR: 58%) Snorg resists with significant effort.
You are feeling hungry.
Snorg misses you. Snorg closely misses you. Snorg claws you!
You die...

#.# .....# #.. #.###
###.##### #### #...#
#...#...# #####'###
#.###.#.# #...)...#
#.....#.# #.......####
#.#####.#
#.......'..###.#.....#
#.......##..##.#T###.#
'.......###..#.#@..#.#
#.......# ##...#.#.#..
######### ###.#...#.##
#########


You could see Snorg (berserk).

Vanquished Creatures
  2 hill giants
  An ugly thing (D:11)
  Psyche (D:8)
  2 centaur skeletons (D:10)
  A kobold demonologist (D:7)
  A komodo dragon (D:10)
  2 two-headed ogres (D:8)
  Prince Ribbit (D:5)
  A hippogriff (D:10)
  9 yaks
  2 wyverns
  A steam dragon (D:9)
  4 hogs (D:8)
  Grum (D:8)
  A human (D:8)
  Edmund (D:5)
  A hungry ghost (D:7)
  A water moccasin (D:11)
  Duvessa (D:5)
  A black bear (D:9)
  2 ice beasts
  A phantom (D:9)
  3 sky beasts
  3 ogres
  7 orc warriors
  A necrophage (D:10)
  6 centaurs
  4 wolves
  A big kobold (D:11)
  A gnoll sergeant (D:9)
  7 bullfrogs
  Dowan (D:5)
  4 scorpions
  5 killer bees (D:10)
  8 wights (D:8)
  2 howler monkeys
  3 crimson imps
  A centaur zombie (Ossuary)
  A quasit (D:8)
  3 human zombies (Ossuary)
  6 hounds
  2 jellies
  11 orc wizards
  2 bullfrog skeletons
  11 orc priests
  6 worker ants
  4 iguanas
  A big kobold zombie (Ossuary)
  A hound skeleton (D:5)
  3 mummies (Ossuary)
  A worker ant zombie (D:5)
  12 gnolls
  A howler monkey skeleton (D:10)
  11 adders
  A shadow imp (D:11)
  4 adder skeletons
  An adder zombie (D:5)
  A worm (D:6)
  A dart slug (D:3)
  5 leopard geckos
  40 orcs
  2 ball pythons
  12 giant cockroaches
  8 goblins
  8 hobgoblins
  13 kobolds
  3 quokkas
  A ball python skeleton (D:5)
  8 bats
  6 frilled lizards
  2 goblin skeletons (D:6)
  2 goblin zombies (Ossuary)
  3 hobgoblin zombies (D:6)
  3 jackal skeletons
  A kobold zombie (D:6)
  3 orc skeletons (D:6)
  2 orc zombies
  6 rats
  A plant (D:10)
308 creatures vanquished.

Vanquished Creatures (others)
  An unseen horror (D:8)
  2 crimson imps (D:6)
  A plant (D:10)
4 creatures vanquished.

Grand Total: 312 creatures vanquished

Notes
Turn   | Place    | Note
-------+----------+-------------------------------------------
     0 | Abyss:1  | Gargoyl the Demonspawn Abyssal Knight began the quest for the Orb.
     0 | Abyss:1  | Reached XP level 1. HP: 18/18 MP: 2/2
     4 | Abyss:2  | Noticed a wraith
    20 | D:1      | Escaped the Abyss
   253 | D:1      | Reached * piety under Lugonu
   455 | D:1      | Reached skill level 1 in Dodging
   596 | D:1      | Gained mutation: You sometimes gain a little power by taking damage. [demonic ancestry]
   596 | D:1      | Reached XP level 2. HP: 24/24 MP: 3/3
   681 | D:1      | Found a shattered altar of Ashenzari.
  1091 | D:2      | Gained mutation: You have a pair of small horns on your head. [demonic ancestry]
  1091 | D:2      | Reached XP level 3. HP: 28/29 MP: 5/5
  1581 | D:2      | Reached XP level 4. HP: 34/36 MP: 6/6
  1738 | D:3      | Found a burning altar of Makhleb.
  1740 | D:3      | Found a glowing silver altar of Zin.
  1740 | D:3      | Noticed a cacodemon
  1740 | D:3      | Noticed an angel
  1934 | D:3      | Reached ** piety under Lugonu
  2656 | D:4      | Gained mutation: You are surrounded by a mild repulsion field. (EV +2) [demonic ancestry]
  2656 | D:4      | Reached XP level 5. HP: 39/42 MP: 7/7
  2693 | D:4      | Reached skill level 1 in Shields
  2937 | D:4      | Found a sand-covered staircase.
  2944 | Ossuary  | Entered an ossuary
  2998 | Ossuary  | Gained mutation: You sometimes gain power by taking damage. [demonic ancestry]
  2998 | Ossuary  | Reached XP level 6. HP: 22/48 MP: 8/8
  3529 | D:4      | Reached *** piety under Lugonu
  3882 | D:4      | Reached XP level 7. HP: 51/54 MP: 10/10
  3991 | D:5      | Entered Level 5 of the Dungeon
  4105 | D:5      | Noticed Duvessa
  4109 | D:5      | Noticed Dowan
  4128 | D:5      | Killed Duvessa
  4145 | D:5      | Killed Dowan
  4145 | D:5      | Reached skill level 5 in Invocations
  4325 | D:5      | Noticed Prince Ribbit
  4343 | D:5      | Killed Prince Ribbit
  4556 | D:5      | Found Suiriwu's Jewellery Shoppe.
  4602 | D:5      | Noticed Edmund
  4648 | D:5      | Killed Edmund
  4648 | D:5      | Reached skill level 5 in Axes
  4648 | D:5      | Gained mutation: You are surrounded by a moderate repulsion field. (EV +3) [demonic ancestry]
  4648 | D:5      | Reached XP level 8. HP: 50/61 MP: 10/12
  4800 | D:5      | Found a blossoming altar of Fedhas.
  5332 | D:6      | Found a glowing golden altar of the Shining One.
  5341 | D:6      | Reached skill level 5 in Armour
  5473 | D:6      | Gained mutation: You are resistant to hostile enchantments. (MR+) [mutagenic meat]
  5474 | D:6      | Gained mutation: Your flesh is cold resistant. (rC+) [mutagenic meat]
  5475 | D:6      | Gained mutation: You have large cloven feet. [mutagenic meat]
  5476 | D:6      | Gained mutation: Your flesh is very cold resistant. (rC++) [mutagenic meat]
  6402 | D:6      | Found an ancient bone altar of Kikubaaqudgha.
  6676 | D:7      | Gained mutation: You are immune to rotting. [demonic ancestry]
  6676 | D:7      | Reached XP level 9. HP: 61/66 MP: 13/13
  6887 | D:7      | Found an iron altar of Okawaru.
  7509 | D:7      | Found a staircase to the Ecumenical Temple.
  7708 | D:7      | Found a deep blue altar of Sif Muna.
  7739 | D:7      | Noticed a kobold demonologist
  7754 | D:7      | Noticed a sixfirhy
  7756 | D:7      | Killed a kobold demonologist
  7794 | D:8      | Found a shadowy altar of Dithmenos.
  7796 | D:8      | Found a sparkling altar of Nemelex Xobeh.
  7856 | D:8      | Reached skill level 5 in Fighting
  8007 | D:8      | Reached **** piety under Lugonu
  8034 | D:8      | Banished an unseen horror
  8177 | D:8      | Noticed Psyche
  8757 | D:8      | Gained mutation: You have a pair of horns on your head. [demonic ancestry]
  8757 | D:8      | Reached XP level 10. HP: 74/74 MP: 14/16
  8976 | D:8      | Found a sacrificial altar of Ru.
  9703 | D:8      | Paralysed by Psyche for 7 turns
  9728 | D:8      | Killed Psyche
  9808 | D:8      | Found a hide-covered altar of Uskayaw.
  9883 | D:9      | Found a shattered altar of Ashenzari.
  9898 | D:9      | Found a sacrificial altar of Ru.
 10010 | D:9      | Noticed Grum
 10027 | D:9      | Reached ***** piety under Lugonu
 10359 | D:8      | Killed Grum
 10843 | D:9      | Noticed Maurice
 10870 | D:9      | Banished Maurice
 10870 | D:9      | Reached skill level 5 in Shields
 11002 | D:5      | Bought the ring "Vievamul" {rPois Str+4 Int+3 Dex+4 SInv} for 479 gold pieces
 11604 | D:10     | Entered Level 10 of the Dungeon
 11656 | D:10     | Reached XP level 11. HP: 80/81 MP: 18/18
 11883 | D:10     | Noticed a hill giant
 11900 | D:9      | Killed a hill giant
 11900 | D:9      | Reached skill level 10 in Invocations
 12065 | D:10     | Noticed a hill giant
 12073 | D:10     | Killed a hill giant
 12084 | D:10     | Found Pocupp's Quality Used Wands.
 12181 | D:10     | Found a staircase to the Lair.
 12491 | D:11     | Noticed a purple ugly thing
 12501 | D:11     | Killed a purple ugly thing
 12518 | D:11     | Reached skill level 10 in Axes
 12966 | D:11     | Gained mutation: You are clumsy. (Dex -2) [mutagenic meat]
 12967 | D:11     | Gained mutation: Armour fits poorly on your strangely shaped body. [mutagenic meat]
 12968 | D:11     | Gained mutation: Your spells are a little harder to cast, but a little more powerful. [mutagenic meat]
 12970 | D:11     | Gained mutation: You can translocate small distances at will. [mutagenic meat]
 12971 | D:11     | Gained mutation: You are weak. (Str -2) [mutagenic meat]
 12985 | D:11     | Lost mutation: You have large cloven feet. [potion of mutation]
 12985 | D:11     | Lost mutation: You are weak. (Str -2) [potion of mutation]
 12985 | D:11     | Lost mutation: You are clumsy. (Dex -2) [potion of mutation]
 13217 | D:11     | Noticed Snorg
 13235 | D:11     | Slain by Snorg

Skill      XL: |  1  2  3  4  5  6  7  8  9 10 11 |
---------------+----------------------------------+-----
Dodging        | 1 2 |  2.2
Armour         | 2 3 4 6 7 8 |  8.8
Axes           | 2 3 5 6 7 9 10 | 10.2
Invocations    | 3 4 5 6 8 9 10 | 10.6
Shields        | 1 2 3 4 5 |  5.6
Fighting       | 4 5 6 7 |  7.0
Throwing       | |  0.8

Action                   |  1- 3 |  4- 6 |  7- 9 | 10-12 || total
-------------------------+-------+-------+-------+-------++-------
Melee: Hand axe          |   125 |   260 |   334 |       ||   719
       Headbutt          |     8 |    36 |   108 |   126 ||   278
       Kick              |       |       |   103 |   178 ||   281
       War axe           |       |       |   215 |   577 ||   792
Throw: Javelin           |       |       |     4 |     4 ||     8
Invok: Depart the Abyss  |     1 |       |       |       ||     1
       Banish            |       |       |     3 |     3 ||     6
  Use: Scroll            |     2 |     9 |    12 |     8 ||    31
       Potion            |       |       |     2 |     9 ||    11
  Eat: Chunk             |     2 |     8 |    20 |    22 ||    52
       Bread ration      |       |       |     1 |       ||     1
Armor: Ring mail         |    63 |       |       |       ||    63
       Leather armour    |     3 |       |       |       ||     3
       Scale mail        |       |    30 |       |       ||    30
       Plate armour      |       |   128 |   360 |   322 ||   810
Dodge: Dodged            |    74 |   108 |   282 |   393 ||   857
Block: Buckler           |    30 |    91 |   220 |   277 ||   618
